 Dungeon Crawl Stone Soup version bcrawl-1.41.1 (webtiles) character file.

Game seed: 11417564283714711489

212489 Yshiel the Chiller (level 6, -2/44 HPs)
             Began as a Gnoll Ice Elementalist on Apr 23, 2024.
             Slain by an ogre
             ... wielding a +0 giant club
              (26 damage)
             ... on level 4 of the Dungeon.
             The game lasted 00:19:46 (2587 turns).

Yshiel the Chiller (Gnoll Ice Elementalist)         Turns: 2587, Time: 00:19:46

Health: -2/44      AC:  4    Str: 10    XL:     6   Next: 66%
Magic:  10/14      EV: 15    Int: 18    God:
Gold:   233        SH:  0    Dex: 17    Spells: 14/15 levels left

rFire    . . .     GDR:     30% n - +6 short sword (elec)
rCold    . . .     SeeInvis .   (no shield)
rNeg     . . .     Gourm    .   a - +0 robe
rPois    .         Faith    .   (no helmet)
rElec    .         Spirit   .   (no cloak)
rCorr    .         Reflect  .   (no gloves)
MR       .....                  k - +1 pair of boots
Stlth    +++.......             (no amulet)
HPRegen  0.17/turn              (no ring)
MPRegen  0.14/turn              (no ring)

@: no status effects
A: distributed training, fangs 1, strong nose
a: no special abilities


You were on level 4 of the Dungeon.
You were not hungry.

You visited 1 branch of the dungeon, and saw 4 of its levels.

You collected 233 gold pieces.

Inventory:

Hand Weapons
 f - a +1 short sword
 n - a +6 short sword of electrocution (weapon)
 o - a +0 blowgun
Missiles
 j - 1258 stones (quivered)
 m - 203 poisoned needles
 r - 164 bolts
 u - 203 sling bullets
 v - 315 arrows
Armour
 a - a +0 robe (worn)
 k - a +1 pair of boots (worn)
Wands
 c - a wand of iceblast (1)
Scrolls
 g - a scroll of revelation
 i - a scroll of identify
 q - 2 scrolls of teleportation {unknown}
 w - a scroll of fear {unknown}
Potions
 b - a potion of agility
 d - a potion of brilliance {unknown}
 h - a potion of might {unknown}
 l - a potion of mutation {unknown}
 t - 2 potions of heal wounds {unknown}
Comestibles
 e - 4 rations {!d}
 p - 2 chunks of flesh


   Skills:
 + Level 2.0 Fighting
 + Level 2.0 Short Blades
 + Level 2.0 Long Blades
 + Level 2.0 Axes
 + Level 2.0 Maces & Flails
 + Level 2.0 Polearms
 + Level 2.0 Staves
 + Level 2.0 Slings
 + Level 2.0 Bows
 + Level 2.0 Crossbows
 + Level 2.0 Throwing
 + Level 2.0 Armour
 + Level 5.0 Dodging
 + Level 5.0 Stealth
 + Level 2.0 Shields
 + Level 2.0 Unarmed Combat
 + Level 5.4 Spellcasting
 + Level 2.6 Conjurations
 + Level 1.6 Hexes
 + Level 1.6 Charms
 + Level 1.6 Summonings
 + Level 1.6 Necromancy
 + Level 1.6 Translocations
 + Level 1.6 Transmutations
 + Level 1.6 Fire Magic
 + Level 5.7 Ice Magic
 + Level 1.6 Air Magic
 + Level 1.6 Earth Magic
 + Level 1.6 Poison Magic
 + Level 2.2 Invocations
 + Level 2.0 Evocations


You had 14 spell levels left.
You knew the following spells:

 Your Spells              Type           Power        Failure   Level  Hunger
a - Freeze                Ice            ####..       1%          1    None

Your spell library contained the following spells:

 Spells                   Type           Power        Failure   Level  Hunger
 Throw Frost              Conj/Ice       ###...       1%          2    None
 Ozocubu's Armour         Chrm/Ice       ###.....     9%          3    ##.....
 Throw Icicle             Conj/Ice       ###.....     22%         4    ####...
 Ice Form                 Ice/Tmut       ###.....     28%         4    ####...
 Summon Ice Beast         Ice/Summ       ###.....     28%         4    ####...


Dungeon Overview and Level Annotations

Branches:
Dungeon (4/12)
 Temple: D:4-7

Altars:
Makhleb
Trog


Innate Abilities, Weirdness & Mutations

Your experience applies equally to all skills.
You have very sharp teeth.
Your uncanny sense of smell can sniff out nearby items.


Message History

You freeze the ogre.
The ogre is moderately wounded.
Casting: Freeze (safe; 1% risk of failure)
Confirm with . or Enter, or press ? or * to list all spells.
Aiming: Freeze (safe; 1% risk of failure)
Press: ? - help, Shift-Dir - straight line, f/p - ogre
Aim: an ogre, wielding a +0 giant club (moderately wounded)
You freeze the ogre!
The ogre is severely wounded.
The ogre completely misses you.
Casting: Freeze (safe; 1% risk of failure)
Confirm with . or Enter, or press ? or * to list all spells.
Aiming: Freeze (safe; 1% risk of failure)
Press: ? - help, Shift-Dir - straight line, f/p - ogre
Aim: an ogre, wielding a +0 giant club (severely wounded)
You freeze the ogre!
The ogre is almost dead.
The ogre hits you with a +0 giant club!!
Ouch! That really hurt!
You die...

#########.#
#...@O....#
#.#########
#.# #.#
#.##.#
#.##.#
##.##.#
...#.#
#..#.#


You could see an ogre.

Vanquished Creatures
  A scorpion (D:4)
  A bullfrog zombie (D:3)
  2 orc wizards
  An iguana (D:3)
  Terence (D:2)
  2 worker ants
  5 adders
  2 oozes
  A worm (D:2)
  5 leopard geckos
  6 orcs
  4 giant cockroaches
  5 goblins
  10 hobgoblins
  2 quokkas (D:3)
  4 bats
  5 frilled lizards
  6 kobolds
  A rat (D:1)
64 creatures vanquished.

Notes
Turn   | Place    | Note
-------+----------+-------------------------------------------
     0 | D:1      | Yshiel the Gnoll Ice Elementalist began the quest for the
                  | Orb.
     0 | D:1      | Reached XP level 1. HP: 13/13 MP: 6/6
   120 | D:1      | Reached XP level 2. HP: 19/19 MP: 5/7
   281 | D:1      | Reached XP level 3. HP: 25/25 MP: 9/9
   425 | D:1      | Reached skill level 5 in Spellcasting
   785 | D:2      | Reached skill level 1 in Invocations
   915 | D:3      | Reached skill level 1 in Fighting
   915 | D:3      | Reached skill level 1 in Short Blades
   915 | D:3      | Reached skill level 1 in Long Blades
   915 | D:3      | Reached skill level 1 in Axes
   915 | D:3      | Reached skill level 1 in Maces & Flails
   915 | D:3      | Reached skill level 1 in Polearms
   915 | D:3      | Reached skill level 1 in Staves
   915 | D:3      | Reached skill level 1 in Slings
   915 | D:3      | Reached skill level 1 in Bows
   915 | D:3      | Reached skill level 1 in Crossbows
   915 | D:3      | Reached skill level 1 in Throwing
   915 | D:3      | Reached skill level 1 in Armour
   915 | D:3      | Reached skill level 1 in Shields
   915 | D:3      | Reached skill level 1 in Unarmed Combat
   915 | D:3      | Reached skill level 1 in Evocations
   915 | D:3      | Reached XP level 4. HP: 17/32 MP: 4/11
  1170 | D:3      | Reached skill level 1 in Hexes
  1170 | D:3      | Reached skill level 1 in Charms
  1170 | D:3      | Reached skill level 1 in Summonings
  1170 | D:3      | Reached skill level 1 in Necromancy
  1170 | D:3      | Reached skill level 1 in Translocations
  1170 | D:3      | Reached skill level 1 in Transmutations
  1170 | D:3      | Reached skill level 1 in Fire Magic
  1170 | D:3      | Reached skill level 1 in Air Magic
  1170 | D:3      | Reached skill level 1 in Earth Magic
  1170 | D:3      | Reached skill level 1 in Poison Magic
  1353 | D:2      | Noticed Terence
  1358 | D:2      | Killed Terence
  1359 | D:2      | Reached XP level 5. HP: 37/37 MP: 9/12
  1746 | D:3      | Reached XP level 6. HP: 43/44 MP: 13/13
  2107 | D:3      | Found a bloodstained altar of Trog.
  2426 | D:4      | Reached skill level 5 in Dodging
  2426 | D:4      | Reached skill level 5 in Stealth
  2434 | D:4      | Found a burning altar of Makhleb.
  2587 | D:4      | Slain by an ogre

Skill      XL: |  1  2  3  4  5  6 |
---------------+-------------------+-----
Conjurations   | 2 |  2.6
Spellcasting   | 5 |  5.4
Invocations    | 1 2 |  2.2
Fighting       | 1 2 |  2.0
Short Blades   | 1 2 |  2.0
Long Blades    | 1 2 |  2.0
Axes           | 1 2 |  2.0
Maces & Flails | 1 2 |  2.0
Polearms       | 1 2 |  2.0
Staves         | 1 2 |  2.0
Slings         | 1 2 |  2.0
Bows           | 1 2 |  2.0
Crossbows      | 1 2 |  2.0
Throwing       | 1 2 |  2.0
Armour         | 1 2 |  2.0
Shields        | 1 2 |  2.0
Unarmed Combat | 1 2 |  2.0
Evocations     | 1 2 |  2.0
Hexes          | 1 |  1.6
Charms         | 1 |  1.6
Summonings     | 1 |  1.6
Necromancy     | 1 |  1.6
Translocations | 1 |  1.6
Transmutations | 1 |  1.6
Fire Magic     | 1 |  1.6
Air Magic      | 1 |  1.6
Earth Magic    | 1 |  1.6
Poison Magic   | 1 |  1.6
Dodging        | 5 |  5.0
Stealth        | 5 |  5.0
Ice Magic      | |  5.7

Action                   |  1- 3 |  4- 6 || total
-------------------------+-------+-------++-------
Melee: Short sword       |    29 |    30 ||    59
       Bite              |     3 |     1 ||     4
       Punch             |       |     1 ||     1
 Cast: Freeze            |    31 |    36 ||    67
  Use: Scroll            |     2 |     5 ||     7
 Stab: Sleeping          |     4 |     8 ||    12
  Eat: Chunk             |     1 |     7 ||     8
Armor: Robe              |    13 |    11 ||    24
Dodge: Dodged            |    41 |    37 ||    78
